 Dungeon Crawl Stone Soup version 0.29-a0-998-g1987434951 (webtiles) character file.

Game seed: 3708131725519079959

36 pokeman the Magician (level 3, 0/20 HPs)
             Began as a Deep Elf Hedge Wizard on Aug 5, 2022.
             Slain by a goblin
             ... wielding a +0 dagger
             ... led by Robin
              (6 damage)
             ... on level 2 of the Dungeon.
             The game lasted 00:02:31 (1631 turns).

pokeman the Magician (Deep Elf Hedge Wizard)        Turns: 1631, Time: 00:02:31

Health: 0/20       AC:  2    Str:  7    XL:     3   Next: 19%
Magic:  5/11       EV: 12    Int: 20    God:
Gold:   52         SH:  5    Dex: 14    Spells: 1/12 levels left

rFire   . . .      SeeInvis .   j - +0 halberd
rCold   . . .      Faith    .   (shield currently unavailable)
rNeg    . . .      Spirit   .   b - +0 robe
rPois   .          Reflect  +   c - +0 hat
rElec   .          Harm     .   (no cloak)
rCorr   .          Rampage  .   (no gloves)
Will    +....                   (no boots)
Stlth   ++........              o - amulet of reflection
HPRegen 0.06/turn               g - ring of willpower
MPRegen 0.12/turn               (no ring)

@: no status effects
A: no striking features
a: no special abilities


You were on level 2 of the Dungeon.
You visited 1 branch of the dungeon, and saw 2 of its levels.

You collected 52 gold pieces.

Inventory:

Hand Weapons
 j - a +0 halberd (weapon)
 l - a +0 sling
Armour
 b - a +0 robe (worn)
 c - a +0 hat (worn)
Jewellery
 g - a ring of willpower (left hand)
 o - an amulet of reflection (around neck)
Scrolls
 f - 3 scrolls of teleportation {unknown}
 h - 2 scrolls of blinking {unknown}
 i - a scroll of fear {unknown}
 m - a scroll of enchant armour {unknown}
Potions
 a - a potion of curing {unknown}
 d - a potion of magic
 e - a potion of heal wounds {unknown}
 k - a potion of cancellation {unknown}
 n - a potion of lignification {unknown}


   Skills:
 + Level 0.8 Fighting
 + Level 0.8 Armour
 - Level 2.4 Dodging
 - Level 2.4 Stealth
 * Level 5.1 Spellcasting
 + Level 1.7 Conjurations
 - Level 1.1 Summonings
 - Level 1.1 Translocations


You had one spell level left.
You knew the following spells:

 Your Spells              Type           Power      Damage    Failure   Level
a - Magic Dart            Conj           48%        1d5       5%          1
b - Mephitic Cloud        Conj/Pois/Air  7%         N/A       26%         3
c - Call Imp              Summ           9%         N/A       11%         2
d - Blink                 Tloc           18%        N/A       11%         2
e - Conjure Flame         Conj/Fire      8%         6-21      24%         3

Your spell library contained the following spells:

 Spells                   Type           Power      Damage    Failure   Level
 Slow                     Hex            20%        N/A       12%         1


Dungeon Overview and Level Annotations

Branches:
Dungeon (2/15)

Altars:

Annotations:
D:2 Robin


Message History

Aim: a hobgoblin (severely wounded, 100% to hit)
The magic dart hits the hobgoblin but does no damage.
The hobgoblin is severely wounded.
Robin roars a battlecry!
The hobgoblins go into a battle-frenzy!
You hit the hobgoblin.
You kill the hobgoblin!
Your magical contamination has completely faded away.
Casting: Magic Dart (safe; 5% risk of failure)
Confirm with . or Enter, or press ? or * to list all spells.
Aiming: Magic Dart (safe; 5% risk of failure)
Press: ? - help, Shift-Dir - straight line, f/p - hobgoblin
Aim: a hobgoblin (severely wounded, strong, 100% to hit)
The magic dart hits the hobgoblin.
The hobgoblin is almost dead.
A goblin comes into view. It is wielding a +0 dagger.
Unknown command.
You barely miss the hobgoblin.
The hobgoblin is almost dead.
The hobgoblin closely misses you. The hobgoblin misses you.
A hobgoblin comes into view.
You hit the hobgoblin.
You kill the hobgoblin!
You closely miss the hobgoblin. The hobgoblin closely misses you.
Robin closely misses you. The goblin hits you with a +0 dagger.
Robin hits you from afar with a +0 spear.
The goblin hits you but does no damage.
Unknown command.
The hobgoblin attacks as you move away! The hobgoblin barely misses you.
The hobgoblin attacks as you move away! The hobgoblin barely misses you.
The goblin attacks as you move away! The goblin hits you with a +0 dagger.
The goblin no longer looks unusually strong.
You block the hobgoblin's attack.
The hobgoblin no longer looks unusually strong.
The goblin attacks as you move away! The goblin hits you with a +0 dagger.
Robin says, "My army is invincible!"
The hobgoblin attacks as you move away! The hobgoblin hits you.
* * * LOW HITPOINT WARNING * * *
The goblin attacks as you move away! The goblin hits you with a +0 dagger.
You die...

......รท.....######
.................#
.......^....g....#
.....)...........#
.......#...)..g..#
.......#.)..gg...#
.......#####.....#######
.......# #...gg......#
......## #####@......#
.####.# #.......# .. ..>
#.......# ... #.......#
##. ........# ##
.<.......# ######.### .#


You could see Robin, 3 hobgoblins and 2 goblins.

Vanquished Creatures
  A ball python (D:1)
  4 endoplasms
  A giant cockroach (D:1)
  4 goblins
  2 hobgoblins (D:2)
  8 jackals (D:1)
  A bat (D:2)
  2 frilled lizards
  3 kobolds
  4 rats
30 creatures vanquished.

Vanquished Creatures (others)
  6 fungi (D:2)
  7 plants (D:2)
13 creatures vanquished.

Grand Total: 43 creatures vanquished

Notes
Turn   | Place    | Note
-------+----------+-------------------------------------------
     0 | D:1      | pokeman the Deep Elf Hedge Wizard began the quest for the
                  | Orb.
     0 | D:1      | Reached XP level 1. HP: 10/10 MP: 7/7
     1 | D:1      | Noticed an electric eel
   405 | D:1      | Reached XP level 2. HP: 15/15 MP: 6/9
  1067 | D:1      | Reached skill level 5 in Spellcasting
  1414 | D:2      | Reached XP level 3. HP: 19/20 MP: 4/11
  1418 | D:2      | Learned a level 3 spell: Mephitic Cloud
  1421 | D:2      | Learned a level 2 spell: Call Imp
  1424 | D:2      | Learned a level 2 spell: Blink
  1428 | D:2      | Learned a level 3 spell: Conjure Flame
  1612 | D:2      | Noticed Robin
  1631 | D:2      | Slain by a goblin

Illustrated notes

Levels and vault maps discovered:
D:1:      arrival_aquarium_a, layout_basic, minmay_octomino_e4
D:2:      layout_basic, serial_bayou_pond_c, grunt_decor_arrowhead,
          dreamdust_mushroom_princess, chequers_decorated_corner, uniq_jessica,
          uniq_robin

Skill      XL: |  1  2 |
---------------+-------+-----
Spellcasting   | 5 |  5.1
Fighting       | |  0.8
Armour         | |  0.8
Dodging        | |  2.4
Stealth        | |  2.4
Conjurations   | |  1.7
Summonings     | |  1.1
Translocations | |  1.1

Action                   || total
-------------------------++-------
Melee: Dagger            ||     6
       Halberd           ||     6
 Cast: Magic Dart        ||    69
Armor: Robe              ||     5
Dodge: Dodged            ||    18
Block: Other             ||     1

Table legend: (Time is in decaauts)
 A = Elapsed time spent in this place.
 B = Non-inter-level travel time spent in this place.
 C = Inter-level travel time spent in this place.
 D = Time resting spent in this place.
 E = Time spent auto-exploring this place.
 F = Levels seen in this place.
 G = Mean time per level.
                   A        B        C        D        E       F      G
               +--------+--------+--------+--------+--------+-----+--------+
         Total |   1632 |   1583 |     49 |    197 |   1111 |   2 |  816.0 |
       Dungeon |   1632 |   1583 |     49 |    197 |   1111 |   2 |  816.0 |
               +--------+--------+--------+--------+--------+-----+--------+

Top non-repeatable levels by time:
     D:1: 1323 daAuts
     D:2: 309 daAuts
